 Dungeon Crawl Stone Soup version 0.31.0-32-g396128a36d (webtiles) character file.

Game seed: 9970298207648419463

10633 mainiacjoe the Artisan of Death (level 11, -7/69 HPs)
             Began as an Octopode Fire Elementalist on Mar 31, 2024.
             Was a Priest of Kikubaaqudgha.
             Killed from afar by an acid dragon (28 damage)
             ... with a splash of acid
             ... on level 11 of the Dungeon.
             The game lasted 00:44:39 (12679 turns).

mainiacjoe the Artisan of Death (OpFE)             Turns: 12679, Time: 00:44:40

Health: -7/69      AC:  7    Str:  8    XL:     11   Next: 65%
Magic:  5/19       EV: 14    Int: 22    God:    Kikubaaqudgha [***...]
Gold:   442        SH:  0    Dex: 12    Spells: 0/21 levels left

rFire   + + +        a - +8 dagger (pain)
rCold   x x x        (no shield)
rNeg    . . .        o - +2 hat
rPois   .            (no amulet)
rElec   .            c - ring of fire
rCorr   .            s - +4 ring of protection
SInv    .            h - ring of fire
Will    +....        i - ring of fire
Stlth   ++++         y - ring of willpower
HPRegen 0.31/turn    (no ring)
MPRegen 0.16/turn    (no ring)
                     (no ring)

%: no passive effects
@: death channelling
A: almost no armour, amphibious, 8 rings, camouflage 1, gelatinous body 1,
(nimble swimmer 1), tentacles
a: Renounce Religion, Unearth Wretches


You were on level 11 of the Dungeon.
You worshipped Kikubaaqudgha.
Kikubaaqudgha was most pleased with you.
You visited 2 branches of the dungeon, and saw 12 of its levels.
You also visited: Sewer and Ossuary.

You collected 639 gold pieces.
You spent 197 gold pieces at shops.

Inventory:

Hand Weapons
 a - a +8 dagger of pain (weapon)
 b - a +0 shortbow
 n - a +0 sling
 z - a +2 scimitar of flaming
Missiles
 m - 6 poisoned darts
 p - 112 stones
 B - a curare-tipped dart {=F}
 D - 3 throwing nets {=F}
Armour
 o - a +2 hat (worn)
 F - an orb of energy
Jewellery
 c - a ring of fire (left tentacle)
 h - a ring of fire (on tentacle)
 i - a ring of fire (on tentacle)
 s - a +4 ring of protection (right tentacle)
 y - a ring of willpower (on tentacle)
Wands
 q - a wand of polymorph (17)
 v - a wand of mindburst (8)
Scrolls
 l - 2 scrolls of fog
 t - 5 scrolls of teleportation
 x - a scroll of revelation
 A - 2 scrolls of identify
 C - a scroll of enchant armour
 E - a scroll of torment
Potions
 d - 6 potions of brilliance
 e - 6 potions of lignification
 f - 3 potions of heal wounds
 g - a potion of magic
 j - 2 potions of haste
 k - 4 potions of might
 r - 6 potions of curing
 u - 2 potions of enlightenment
 w - a potion of invisibility
 G - a potion of attraction


   Skills:
 * Level 4.1 Fighting
 - Level 10.0 Short Blades
 * Level 4.7 Dodging
 + Level 5.1 Stealth
 - Level 5.5 Spellcasting
 - Level 2.0 Conjurations
 - Level 3.0 Hexes
 + Level 10.2 Necromancy
 - Level 3.0 Translocations
 + Level 5.3 Fire Magic


You couldn't memorise any spells.
You knew the following spells:

 Your Spells              Type           Power      Damage    Failure   Level
a - Foxfire               Conj/Fire      100%       2x1d9     2%          1
b - Scorch                Fire           100%       2d9       1%          2
c - Inner Flame           Hex/Fire       70%        N/A       5%          3
d - Volatile Blastmotes   Fire/Tloc      100%       2d18      5%          3
e - Dispel Undead         Necr           50%        3d19      1%          4
f - Death Channel         Necr           25%        N/A       22%         6
k - Blink                 Tloc           38%        N/A       4%          2

Your spell library contained the following spells:

 Spells                   Type           Power      Damage    Failure   Level
 Kiss of Death            Conj/Necr      100%       2d13      1%          1
 Necrotise                Necr           100%       1d9       1%          1
 Sublimation of Blood     Necr           50%        N/A       1%          2
 Fugue of the Fallen      Necr           50%        N/A       1%          3
 Lesser Beckoning         Tloc           38%        N/A       4%          2
 Momentum Strike          Conj/Tloc      34%        3d8       5%          2
 Sting                    Conj/Alch      40%        1d5       6%          1
 Anguish                  Hex/Necr       17%        N/A       6%          4
 Confusing Touch          Hex            19%        N/A       9%          3
 Static Discharge         Conj/Air       20%        3-4/arc   10%         2
 Martyr's Knell           Necr/Summ      28%        N/A       12%         4
 Mercury Vapours          Alch/Air       12%        N/A       14%         2
 Flame Wave               Conj/Fire      66%        2d15      22%         4
 Borgnjor's Vile Clutch   Necr/Erth      14%        N/A       32%         5
 Airstrike                Air            3%         2d(1-17)  67%         4
 Olgreb's Toxic Radiance  Alch           6%         N/A       67%         4
 Summon Lightning Spire   Summ/Air       6%         N/A       67%         4


Dungeon Overview and Level Annotations

Branches:
Dungeon (11/15)            Temple (1/1) D:6            Lair (0/5) D:11
    Orc (0/2) D:9           Sewer (visited)         Ossuary (visited)

Altars:
Ashenzari
Cheibriados
Dithmenos
Elyvilon
Fedhas
Gozag
Hepliaklqana
Kikubaaqudgha
Makhleb
Nemelex Xobeh
Okawaru
Qazlal
Ru
Sif Muna
Trog
Uskayaw
Vehumet
Wu Jian
Xom
Yredelemnul
Zin
The Shining One

Shops:
D:3 ?   D:4 [   D:7 [


Innate Abilities, Weirdness & Mutations

You cannot wear most types of armour.
You are amphibious.
You can wear up to eight rings at the same time.
Your skin changes colour to match your surroundings (Stealth+).
Your rubbery body absorbs attacks. (AC +1, EV +1)
((You are camouflaged when in or above water. (Stealth+)))
You have tentacles for arms and can constrict up to eight enemies at once.


Message History

Casting: Scorch (safe; 1% risk of failure)
Confirm with . or Enter, or press ? or * to list all spells.
Malign forces permeate your being, awaiting release.
The vampire mosquito buzzes angrily.
The yak bellows! x3
A centaur comes into view.
The centaur moves out of view.
Casting: Death Channel (quite dangerous; 22% risk of failure)
Confirm with . or Enter, or press ? or * to list all spells.
Aiming: Dispel Undead (dangerous; 1% risk of failure)
Press: ? - help, Shift-Dir - straight line, f - vampire mosquito
Aim: a vampire mosquito (100% to hit)
The vampire mosquito is dispelled!!
The vampire mosquito bites you!
The vampire mosquito draws strength from your injuries!
The vampire mosquito bites you but does no damage.
The acid dragon spits acid at you. The splash of acid hits you!!
Casting: Dispel Undead (dangerous; 1% risk of failure)
Confirm with . or Enter, or press ? or * to list all spells.
You feel a huge surge of power!
Flames lash the acid dragon.
The acid dragon is moderately wounded.
The acid dragon's fire resistance burns away.
The vampire mosquito barely misses you. The vampire mosquito bites you.
The vampire mosquito draws strength from your injuries!
Casting: Scorch (safe; 1% risk of failure)
Confirm with . or Enter, or press ? or * to list all spells.
You feel a huge surge of power!
Flames lash the vampire mosquito.
You destroy the vampire mosquito!
Kikubaaqudgha accepts your kill.
Unknown command.
You hit the acid dragon.
The acid dragon writhes in agony.
Your squeeze misses the acid dragon.
The acid dragon is severely wounded.
The centaur wields a +0 orcbow.
The centaur shoots an arrow.
The arrow hits you!
You hit the acid dragon.
The acid dragon writhes in agony.
The acid dragon is almost dead.
The acid dragon spits acid at you. The splash of acid hits you!!
You die...
Kikubaaqudgha rasps: "You have failed me!
Welcome... death!"

.........
##>......###
#...........
#.^..$...#.# .
#..>........
...#........#.#
.......D.......
..
.#.....@....#
...
.......Y...##
....
.#.....YY###
#....
.........#
....#
#..!...Y.c #..#
#.####...?.
..#### # #.>...
.....#. #......
.......


You could see 4 yaks, an acid dragon (catching breath, combustible) and a
centaur.

Vanquished Creatures
  Gastronok (D:8)
  Erica (D:8)
  Pikel (D:5)
  A manticore (D:7)
  Maggie (D:9)
  An unseen horror (D:10)
  A kobold demonologist (D:11)
  Grinder (D:5)
  11 yaks
  A shadow (D:10)
  2 wraiths (D:11)
  A warg (D:9)
  A human (D:9)
  A vampire mosquito (D:11)
  2 water moccasins
  3 orc warriors
  2 acid dragons
  2 black bears
  A sky beast (D:7)
  A lemure (D:6)
  6 centaurs
  3 phantoms
  Blork the orc (D:5)
  A kobold brigand (D:9)
  A weeping skull (Ossuary)
  2 bullfrogs (D:8)
  2 scorpions (D:5)
  A gnoll sergeant (D:9)
  12 wights
  3 killer bees (D:10)
  9 howler monkeys
  3 electric eels (D:7)
  A bombardier beetle (D:3)
  A centaur zombie (Ossuary)
  4 human zombies (Ossuary)
  3 jellies
  A hound (D:7)
  5 orc priests
  2 gnoll boudas
  A hell rat (Sewer)
  5 iguanas
  10 orc wizards
  A crocodile zombie (Ossuary)
  2 hound zombies (Ossuary)
  4 mummies
  Robin (D:2)
  10 gnolls
  2 adders
  A river rat (Sewer)
  5 white imps
  2 ufetubi (D:6)
  5 adder zombies (Ossuary)
  3 dart slugs
  2 ribbon worms
  25 orcs
  7 ball pythons
  12 endoplasms
  2 giant cockroaches
  3 gnoll zombies (Ossuary)
  16 goblins
  17 hobgoblins
  14 jackals
  12 kobolds
  5 quokkas
  5 ball python zombies (Ossuary)
  A bat (D:1)
  2 frilled lizards
  A goblin zombie (D:7)
  3 jackal zombies (Ossuary)
  3 kobold zombies
  3 orc zombies (Ossuary)
  11 rats
293 creatures vanquished.

Vanquished Creatures (others)
  3 orc wizards
  A hobgoblin (D:9)
  410 foxfires
414 creatures vanquished.

Grand Total: 707 creatures vanquished

Notes
Turn   | Place    | Note
-------+----------+-------------------------------------------
     0 | D:1      | mainiacjoe the Octopode Fire Elementalist began the quest
                  | for the Orb.
     0 | D:1      | Reached XP level 1. HP: 11/11 MP: 3/3
   202 | D:1      | Reached XP level 2. HP: 17/17 MP: 1/5
   205 | D:1      | Learned a level 2 spell: Scorch
   482 | D:1      | Found a faded altar of an unknown god.
   704 | D:1      | Reached XP level 3. HP: 21/21 MP: 1/6
  1465 | D:2      | You fall into a shaft and drop 1 floor!
  1516 | D:3      | Found a glowing drain.
  1545 | Sewer    | Entered a sewer
  1584 | Sewer    | Reached skill level 1 in Hexes
  1584 | Sewer    | Reached skill level 1 in Translocations
  1584 | Sewer    | Reached XP level 4. HP: 27/27 MP: 0/8
  1855 | D:2      | Identified the +2 helmet "Judghale" {Rampage rCorr Dex-4}
  1855 | D:2      | Noticed Robin
  1864 | D:2      | Killed Robin
  2259 | D:2      | Reached XP level 5. HP: 31/31 MP: 4/9
  2770 | D:3      | Learned a level 3 spell: Inner Flame
  2774 | D:3      | Learned a level 3 spell: Volatile Blastmotes
  3111 | D:3      | Found The Oracle's Delphic Readings.
  3115 | D:3      | Bought a scroll of identify for 22 gold pieces
  3580 | D:4      | Reached XP level 6. HP: 36/36 MP: 8/11
  3937 | D:4      | Found Lexoeraa's Antique Armour Emporium.
  3948 | D:4      | Bought a glowing hat for 175 gold pieces
  4295 | D:4      | Reached skill level 5 in Fire Magic
  4296 | D:4      | Reached XP level 7. HP: 41/41 MP: 5/13
  4624 | D:5      | Entered Level 5 of the Dungeon
  4650 | D:5      | Noticed Blork the orc
  4654 | D:5      | Killed Blork the orc
  4812 | D:5      | Found an iron altar of Okawaru.
  4848 | D:5      | Reached skill level 1 in Short Blades
  5124 | D:5      | Noticed Grinder
  5131 | D:5      | Killed Grinder
  5132 | D:5      | Reached skill level 5 in Spellcasting
  5132 | D:5      | Reached XP level 8. HP: 46/46 MP: 4/16
  5284 | D:5      | Reached skill level 1 in Necromancy
  5820 | D:6      | Found a staircase to the Ecumenical Temple.
  5856 | Temple   | Entered the Ecumenical Temple
  5946 | Temple   | Became a worshipper of Kikubaaqudgha
  6019 | D:6      | Noticed Pikel
  6060 | D:5      | Killed Pikel
  6061 | D:5      | Reached skill level 5 in Short Blades
  6061 | D:5      | Reached skill level 5 in Necromancy
  6061 | D:5      | Reached XP level 9. HP: 32/51 MP: 0/17
  6821 | D:7      | Found an opulent altar of Gozag.
  6926 | D:7      | Found a sand-covered staircase.
  6938 | D:7      | Learned a level 4 spell: Dispel Undead
  6943 | Ossuary  | Entered an ossuary
  7032 | Ossuary  | Reached * piety under Kikubaaqudgha
  7032 | Ossuary  | Received a gift from Kikubaaqudgha
  7739 | D:7      | Found a shadowy altar of Dithmenos.
  8086 | D:7      | Noticed a manticore
  8090 | D:7      | Killed a manticore
  8222 | D:7      | Found Cheibriados's Comfort Zone.
  8222 | D:7      | Found a snail-covered altar of Cheibriados.
  8246 | D:7      | Learned a level 2 spell: Blink
  8572 | D:7      | Found a hide-covered altar of Uskayaw.
  8573 | D:7      | Found a hazy altar of Hepliaklqana.
  8865 | D:8      | Reached XP level 10. HP: 56/56 MP: 12/18
  9055 | D:8      | Reached ** piety under Kikubaaqudgha
  9116 | D:8      | Noticed Erica
  9127 | D:8      | Killed Erica
  9714 | D:8      | Noticed Gastronok
  9737 | D:8      | Killed Gastronok
 10113 | D:8      | Found a shimmering blue altar of Sif Muna.
 10197 | D:9      | Reached skill level 10 in Short Blades
 10197 | D:9      | Reached XP level 11. HP: 61/61 MP: 9/19
 10313 | D:9      | Reached skill level 10 in Necromancy
 10429 | D:9      | Reached skill level 1 in Fighting
 10619 | D:9      | Found a staircase to the Orcish Mines.
 10940 | D:9      | Reached *** piety under Kikubaaqudgha
 10940 | D:9      | Received a gift from Kikubaaqudgha
 10959 | D:9      | Learned a level 6 spell: Death Channel
 11484 | D:9      | Noticed Maggie
 11488 | D:9      | Killed Maggie
 11895 | D:10     | Entered Level 10 of the Dungeon
 12061 | D:10     | Found a shimmering altar of Xom.
 12434 | D:11     | Noticed a manticore
 12434 | D:11     | Found a staircase to the Lair.
 12483 | D:11     | Reached skill level 5 in Stealth
 12679 | D:11     | Killed from afar by an acid dragon

Illustrated notes

Levels and vault maps discovered:
D:1:      dpeg_arrival_orchard, layout_rooms,
          dreamdust_ecumenical_altar_angels_and_demons
D:2:      cheibrodos_greedy_goblins, layout_loops_ring, minmay_heptomino_d4,
          uniq_robin
D:3:      layout_loops_ring, cheibrodos_sewer_entry_bend,
          nicolae_nh_oracle_at_delphi
D:4:      layout_loops_ring, serial_shops, shop
D:5:      layout_rooms, okawaru_ov_weapons_minmay, uniq_blork_the_orc,
          uniq_grinder
D:6:      layout_rooms, minmay_temple_entry_grid,
          hangedman_decor_clover_reticule, uniq_pikel
D:7:      layout_cave_pods, grunt_gozag_breadcrumbs,
          nicolae_dithmenos_shadow_blocks, mainiacjoe_overflow_divided_tiny,
          serial_bayou, serial_bayou_lagoon_a, serial_bayou_pond_e,
          serial_bayou_pond_b, serial_bayou_crossing,
          nicolae_ossuary_entry_giza, st_stairs_4, minmay_shop_chei,
          grunt_ministairs_8, kennysheep_nub, minmay_microvault
D:8:      layout_cave_pools, kennysheep_orc_sif_temple, uniq_erica,
          uniq_gastronok
D:9:      layout_grid_maze, erik_orc_4, uniq_maggie
D:10:     layout_roguey, xom_teletrap_fun
D:11:     layout_rooms, lair_entry_dummy, serial_glass, glass_columns_a,
          glass_columns_a, glass_columns_a, glass_columns_c, glass_columns_a,
          gammafunk_ghost_nasty_kobolds
Temple:   hellmonk_temple_of_storms

Skill      XL: |  1  2  3  4  5  6  7  8  9 10 11 |
---------------+----------------------------------+-----
Hexes          | 1 2 3 |  3.0
Translocations | 1 2 3 |  3.0
Conjurations   | 2 |  2.0
Spellcasting   | 3 4 5 |  5.5
Fire Magic     | 4 5 |  5.3
Short Blades   | 2 5 7 10 | 10.0
Necromancy     | 5 7 9 10 | 10.2
Stealth        | 5 |  5.1
Fighting       | 4 |  4.1
Dodging        | 4 |  4.7

Action                     |  1- 3 |  4- 6 |  7- 9 | 10-12 || total
---------------------------+-------+-------+-------+-------++-------
  Melee: Short sword       |     3 |    16 |       |       ||    19
         Constrict         |     3 |     9 |    12 |     4 ||    28
         Tentacles         |     3 |     9 |    12 |     4 ||    28
         Dagger            |     3 |    27 |    56 |    40 ||   126
         Punch             |       |     1 |     2 |     1 ||     4
   Fire: Sling             |       |    10 |    32 |       ||    42
   Cast: Foxfire           |    52 |    58 |    65 |    71 ||   246
         Scorch            |     9 |    27 |    55 |    67 ||   158
         Inner Flame       |       |     3 |    30 |    36 ||    69
         Dispel Undead     |       |       |     1 |     1 ||     2
         Death Channel     |       |       |       |     2 ||     2
 Invoke: Unearth Wretches  |       |       |       |     1 ||     1
  Evoke: Wand              |       |       |       |     3 ||     3
    Use: Scroll            |     5 |     8 |    14 |     1 ||    28
         Potion            |       |       |       |     2 ||     2
   Stab: Sleeping          |     1 |     1 |     6 |     5 ||    13
         Paralysed         |       |       |       |     1 ||     1
 Armour: Skin              |     2 |    46 |    50 |    47 ||   145
  Dodge: Dodged            |     1 |    54 |    45 |    26 ||   126
